 Dungeon Crawl Stone Soup version 0.21.1-1-g345015fe64 (webtiles) character file.

31537 Gargoyl the Envoy of Void (level 13, 0/105 HPs)
             Began as a Centaur Abyssal Knight on June 18, 2018.
             Was a High Priest of Lugonu.
             Slain by a death yak (20 damage)
             ... on level 6 of the Lair of Beasts on June 19, 2018.
             The game lasted 00:38:53 (22343 turns).

Gargoyl the Envoy of Void (Centaur Abyssal Knight) Turns: 22343, Time: 00:38:54

Health: 0/105      AC: 18    Str: 22    XL:     13   Next: 26%
Magic:  21/21      EV:  6    Int: 14    God:    Lugonu [*****.]
Gold:   596        SH: 13    Dex: 13    Spells: 12/12 levels left

rFire    . . .     SeeInvis .   y - +10 mace of Pepec {flame, Str+2}
rCold    . . .     Gourm    .   m - +3 shield
rNeg     + + .     Faith    .   f - +3 chain mail
rPois    +         Spirit   .   j - +2 hat {Int+3}
rElec    .         Reflect  .   M - +1 cloak
rCorr    .         Harm     .   (no gloves)
MR       +....                  (no barding)
Stlth    ..........             A - amulet of rage
HPRegen  0.00/turn              S - ring of protection from magic
MPRegen  0.17/turn              F - ring of Peda {*Contam rPois rN++ Str+4 Stlth-}

@: very quick
A: large, hooves 3, deformed body, speed 2, sense surroundings 1, inhibited
regeneration, tough skin 3
a: Depart the Abyss, Bend Space, Banish, Corrupt, Enter the Abyss, Renounce
Religion, Evoke Berserk Rage


You were on level 6 of the Lair of Beasts.
You worshipped Lugonu.
Lugonu was extremely pleased with you.
You were not hungry.

You visited 2 branches of the dungeon, and saw 15 of its levels.
You visited the Abyss 1 time.

You collected 1044 gold pieces.
You spent 448 gold pieces at shops.

Inventory:

Hand Weapons
 x - a +4 hand axe of freezing
 y - the +10 mace of Pepec (weapon) {flame, Str+2}
   (You found it on level 7 of the Dungeon)

   It has been specially enchanted to burn those struck by it, causing extra
   injury to most foes and up to half again as much damage against particularly
   susceptible opponents.
   It affects your strength (+2).
 G - a +3 hand axe of freezing
 I - a +3 broad axe of flaming
Missiles
 P - a javelin (quivered)
Armour
 f - a +3 chain mail (worn)
 j - a +2 hat of intelligence (worn)
 m - a +3 shield (worn)
 M - a +1 cloak (worn)
Jewellery
 h - an uncursed ring of protection from cold
 A - an amulet of rage (around neck)
 F - the ring of Peda (right hand) {*Contam rPois rN++ Str+4 Stlth-}
   (You bought it in a shop on level 8 of the Dungeon)

   [ring of loudness]

   It affects your strength (+4).
   It protects you from poison.
   It greatly protects you from negative energy.
   It causes magical contamination when unequipped.
   It makes you less stealthy.
 S - a ring of protection from magic (left hand)
Wands
 a - a wand of acid (19)
 i - a wand of iceblast (16)
 n - a wand of polymorph (4)
 o - a wand of clouds (3)
 p - a wand of flame (39)
 u - a wand of enslavement (14)
 v - a wand of random effects (25)
 B - a wand of digging (14)
 J - a wand of paralysis (12)
Scrolls
 b - 6 scrolls of identify
 d - 7 scrolls of teleportation
 q - 6 scrolls of amnesia
 s - a scroll of fog
 w - 3 scrolls of blinking
 z - 3 scrolls of magic mapping
 E - 5 scrolls of remove curse
 R - a scroll of summoning
Potions
 e - a potion of haste
 g - 4 potions of agility
 k - 5 potions of brilliance
 t - 4 potions of curing
 C - 2 potions of ambrosia
 D - 2 potions of flight
 H - a potion of magic
 K - a potion of berserk rage
Books
 r - a book of Enchantments

   Spells                             Type                      Level
   a - Cause Fear                     Hexes                        4
   b - Yara's Violent Unravelling     Hexes/Transmutation          5
   c - Silence                        Hexes/Air                    5
   d - Deflect Missiles               Charms/Air                   6
   e - Discord                        Hexes                        8
 L - a book of Cantrips

   Spells                             Type                      Level
   a - Confusing Touch                Hexes                        1
   b - Animate Skeleton               Necromancy                   1
   c - Summon Small Mammal            Summoning                    1
   d - Apportation                    Translocation                1
 N - the Almanac of Venom and Changing
   (You found it on level 4 of the Lair of Beasts)

   Spells                             Type                      Level
   a - Sting                          Conjuration/Poison           1
   b - Poisonous Vapours              Poison/Air                   2
   c - Passwall                       Transmutation/Earth          2
   d - Yara's Violent Unravelling     Hexes/Transmutation          5
   e - Blade Hands                    Transmutation                5
 O - a book of Flames

   Spells                             Type                      Level
   a - Flame Tongue                   Conjuration/Fire             1
   b - Throw Flame                    Conjuration/Fire             2
   c - Conjure Flame                  Conjuration/Fire             3
   d - Inner Flame                    Hexes/Fire                   3
   e - Sticky Flame                   Conjuration/Fire             4
   f - Fireball                       Conjuration/Fire             5
 Q - a book of Transfigurations

   Spells                             Type                      Level
   a - Irradiate                      Conjuration/Transmutation    5
   b - Statue Form                    Transmutation/Earth          6
   c - Hydra Form                     Transmutation                6
   d - Dragon Form                    Transmutation                7
Miscellaneous
 l - a lightning rod (4/4)
Comestibles
 c - 24 rations


   Skills:
 + Level 7.5 Fighting
 + Level 7.9(9.1) Axes
 + Level 6.9(8.6) Maces & Flails
 + Level 0.3 Throwing
 * Level 10.1 Armour
 + Level 3.2 Dodging
 + Level 6.1 Shields
 * Level 11.0 Invocations
 + Level 1.6 Evocations


You had 12 spell levels left.
You didn't know any spells.

Dungeon Overview and Level Annotations

Branches:
Dungeon (9/15)             Temple (0/1) D:4            Lair (6/6) D:9
 Shoals (0/4) Lair:2        Snake (0/4) Lair:2        Slime (0/5) Lair:6
    Orc: D:9-12

Altars:
Gozag
Kikubaaqudgha
Makhleb
Nemelex Xobeh
Ru
Wu Jian
Yredelemnul
Zin
The Shining One
Jiyva

Shops:
D:7 %   D:8 =   D:9 :


Innate Abilities, Weirdness & Mutations

You have hooves in place of feet.
Armour fits poorly on your strangely shaped body.
You cover ground very quickly.
You have extremely tough skin. (AC +3)
You passively map a small area around you.
You do not regenerate when monsters are visible.


Message History

You hit the death yak but do no damage. You kick the death yak!
The death yak is severely wounded.
You block the death yak's attack.
You hit the death yak but do no damage.
The death yak is severely wounded.
The yak gores something.
The death yak gores you!
You hit the death yak. You burn the death yak. You kick the death yak.
The death yak is almost dead.
The yak gores something!
The death yak gores you!!
* * * LOW HITPOINT WARNING * * *
Your shield and chain mail prevent you from hitting the death yak.
The death yak is almost dead.
The death yak completely misses you.
The death yak gores something!
Unknown command.
You hit the death yak. You burn the death yak.
You kick the death yak, but do no damage.
The death yak is almost dead.
The black mamba bites something.
The black mamba bites something!
The death yak gores you!!
You die...

* ##......# , #....... ,
#....... * ###......# , ,
#.....P... , , #P.<.#...# ,
, , , * #...).#..# , *, ###
#####...##.#. * #@####.#
##....#.# , .. ##Y#..###
#.#.#### * . ,
##YYF...####### ## ** #.
#.S....#.# ####. , ###.,,
#PY......## #.... .#.P..
#.........####.÷.÷
,......###............÷....
#....Y.#.Y..........=.....
#...................P.....


You could see 4 death yaks, a black mamba and a spiny frog.

Vanquished Creatures
  Gastronok (D:8)
  3 hydras
  A catoblepas (Lair:6)
  A two-headed ogre (D:9)
  A death yak (Lair:6)
  Erica (Lair:1)
  An unseen horror (D:8)
  The ghost of Peloso the Slasher, a novice TrFi of Okawaru (D:6)
  A manticore (Lair:6)
  Joseph (D:8)
  3 black mambas
  Psyche (D:8)
  4 elephants
  2 komodo dragons
  11 spiny frogs
  A merfolk (Lair:2)
  A polar bear (Lair:4)
  Grinder (D:3)
  Prince Ribbit (D:6)
  3 blink frogs (Lair:4)
  10 hippogriffs
  A spriggan (D:9)
  2 wyverns
  20 yaks
  Eustachio (D:5)
  7 basilisks
  2 steam dragons
  6 vampire mosquitoes (Lair:5)
  2 insubstantial wisps (Lair:5)
  11 porcupines
  9 water moccasins
  2 orc warriors
  2 black bears
  A sky beast (D:5)
  A phantom (D:9)
  3 ice beasts
  11 wolves
  4 ogres
  5 centaurs
  13 crocodiles
  A big kobold (D:7)
  14 bullfrogs
  A wyvern zombie (D:7)
  2 scorpions
  7 wights
  An electric eel (Lair:1)
  2 howler monkeys
  2 crimson imps
  3 hounds
  2 jellies
  A bullfrog zombie (D:9)
  A centaur skeleton (D:5)
  5 orc priests
  6 orc wizards
  An iguana (D:6)
  Ijyb (D:3)
  2 worker ants
  A killer bee zombie (D:7)
  The ghost of P0WERM0DE the Grave Robber, a weakling OpNe (D:3)
  A hound skeleton (D:4)
  A worker ant zombie (D:9)
  9 gnolls
  10 adders
  A shadow imp (D:6)
  An adder skeleton (D:4)
  A worm (D:5)
  2 dart slugs (D:1)
  2 leopard geckos (D:1)
  13 orcs
  4 bats
  3 giant cockroaches
  7 goblins
  9 hobgoblins
  6 jackals
  A quokka (D:7)
  3 ball pythons
  7 frilled lizards
  A jackal skeleton (D:4)
  9 kobolds
  A leopard gecko skeleton (D:4)
  3 rats
  3 fungi
  A plant (Lair:5)
306 creatures vanquished.

Vanquished Creatures (collateral kills)
  An orc priest (D:6)
  An orc (D:6)
2 creatures vanquished.

Vanquished Creatures (others)
  The ghost of Kohma the Blocker, a journeyman MiFi of Makhleb (Lair:2)
  A hydra (Lair:1)
  Duvessa (D:5)
  Dowan (D:5)
  A bush (Lair:6)
  16 fungi
  25 plants
46 creatures vanquished.

Grand Total: 354 creatures vanquished

Notes
Turn   | Place    | Note
-------+----------+-------------------------------------------
     0 | Abyss:1  | Gargoyl the Centaur Abyssal Knight began the quest for the Orb.
     0 | Abyss:1  | Reached XP level 1. HP: 19/19 MP: 2/2
    21 | Abyss:1  | Found a blossoming altar of Fedhas.
   160 | Abyss:1  | Noticed a spatial vortex
   161 | Abyss:1  | Noticed a spatial maelstrom
   168 | Abyss:1  | Noticed a ynoxinul
   170 | D:1      | Escaped the Abyss
   201 | D:1      | Reached * piety under Lugonu
   226 | D:1      | Reached XP level 2. HP: 16/26 MP: 3/3
  1042 | D:1      | Reached XP level 3. HP: 28/31 MP: 4/4
  1568 | D:2      | Found an ancient bone altar of Kikubaaqudgha.
  1647 | D:2      | Found a glowing silver altar of Zin.
  1715 | D:2      | Reached XP level 4. HP: 15/40 MP: 5/5
  2206 | D:2      | Reached ** piety under Lugonu
  2387 | D:2      | Found a burning altar of Makhleb.
  2387 | D:2      | Noticed a cacodemon
  2716 | D:3      | Noticed Ijyb
  2718 | D:3      | Reached XP level 5. HP: 44/46 MP: 5/7
  2742 | D:3      | Killed Ijyb
  2807 | D:3      | Noticed Grinder
  2831 | D:3      | Paralysed by Grinder for 3 turns
  2834 | D:3      | Killed Grinder
  2834 | D:3      | Reached skill level 1 in Dodging
  2834 | D:3      | Reached skill level 1 in Shields
  2834 | D:3      | Reached skill level 3 in Invocations
  2834 | D:3      | Reached XP level 6. HP: 52/52 MP: 8/8
  3453 | D:3      | Noticed P0WERM0DE's ghost (weakling OpNe)
  3456 | D:3      | Killed P0WERM0DE's ghost
  3919 | D:4      | Found a staircase to the Ecumenical Temple.
  3966 | D:4      | Found a glowing golden altar of the Shining One.
  3979 | D:4      | Noticed an angel
  4091 | D:4      | Found a basalt altar of Yredelemnul.
  4093 | D:4      | Noticed a profane servitor
  4486 | D:4      | HP: 2/52 [poison (dark miasma)]
  5133 | D:4      | Reached XP level 7. HP: 59/59 MP: 9/9
  5197 | D:5      | Entered Level 5 of the Dungeon
  5200 | D:5      | Noticed Eustachio
  5278 | D:5      | Killed Eustachio
  5278 | D:5      | Reached skill level 4 in Invocations
  6139 | D:5      | Reached XP level 8. HP: 52/66 MP: 11/11
  6440 | D:5      | Noticed Pikel
  6454 | D:5      | Noticed Pikel
  6454 | D:5      | Pikel changed into Pikel the basilisk
  6474 | D:5      | Killed Pikel the basilisk
  6581 | D:5      | Killed Duvessa
  6587 | D:5      | Killed Dowan
  6833 | D:6      | Noticed Prince Ribbit
  7122 | D:6      | Reached skill level 5 in Invocations
  7132 | D:6      | Reached *** piety under Lugonu
  7132 | D:6      | Reached skill level 5 in Armour
  7203 | D:6      | Found a sacrificial altar of Ru.
  7264 | D:6      | Killed Prince Ribbit
  7264 | D:6      | Reached skill level 5 in Axes
  7289 | D:6      | Reached skill level 1 in Evocations
  7334 | D:6      | Noticed Peloso's ghost (novice TrFi)
  7362 | D:6      | Killed Peloso's ghost
  7362 | D:6      | Reached XP level 9. HP: 64/73 MP: 13/13
  7709 | D:6      | Found an opulent altar of Gozag.
  7721 | D:6      | Reached skill level 5 in Fighting
  7733 | D:6      | Reached skill level 6 in Invocations
  7900 | D:7      | Found an ornate altar of the Wu Jian Council.
  8105 | D:7      | Got a pitted mace
  8390 | D:7      | Identified the +10 mace of Pepec {flame, Str+2} (You found it on level 7 of the Dungeon)
  8611 | D:7      | Found a sparkling altar of Nemelex Xobeh.
  8693 | D:7      | Found Cyschepp's Food Boutique.
  9347 | D:8      | Reached skill level 1 in Maces & Flails
  9400 | D:8      | Reached XP level 10. HP: 81/81 MP: 15/15
  9575 | D:8      | Found Kidasude's Jewellery Shop.
  9582 | D:8      | Bought the ring of Peda {*Contam rPois rN++ Str+4 Stlth-} for 448 gold pieces
  9592 | D:8      | Noticed Gastronok
  9606 | D:8      | Gained mutation: You do not regenerate when monsters are visible. [potion of mutation]
  9606 | D:8      | Gained mutation: You passively map a small area around you. [potion of mutation]
  9612 | D:8      | Killed Gastronok
  9612 | D:8      | Reached skill level 7 in Invocations
  9927 | D:8      | Noticed Psyche
  9934 | D:8      | Killed Psyche
  9961 | D:8      | Noticed Joseph
  9985 | D:8      | Killed Joseph
 10208 | D:8      | Reached **** piety under Lugonu
 10606 | D:8      | Killed an unseen horror
 11009 | D:9      | Noticed a two-headed ogre
 11016 | D:9      | Killed a two-headed ogre
 11016 | D:9      | Reached XP level 11. HP: 77/89 MP: 16/16
 11133 | D:9      | Reached skill level 8 in Invocations
 11135 | D:9      | Found Ronisk's Book Boutique.
 11359 | D:9      | Found a staircase to the Lair.
 11657 | Lair:1   | Entered Level 1 of the Lair of Beasts
 11885 | Lair:1   | Reached skill level 5 in Maces & Flails
 11887 | Lair:1   | Noticed a seven-headed hydra
 11903 | Lair:1   | HP: 4/89 [seven-headed hydra (10)]
 11908 | Lair:1   | Banished a seven-headed hydra
 12158 | Lair:1   | Noticed Erica
 12693 | Lair:1   | Reached skill level 5 in Shields
 13007 | Lair:1   | Killed Erica
 13696 | Lair:2   | Reached skill level 9 in Invocations
 13828 | Lair:2   | Noticed Kohma's ghost (journeyman MiFi)
 13900 | Lair:2   | Banished Kohma's ghost
 14136 | Lair:2   | Found a staircase to the Snake Pit.
 15070 | Lair:2   | Found a staircase to the Shoals.
 15258 | Lair:3   | Found an opulent altar of Gozag.
 15332 | Lair:3   | Reached XP level 12. HP: 28/97 MP: 19/19
 15478 | Lair:3   | Noticed a six-headed hydra
 15850 | Lair:3   | Killed a one-headed hydra
 17229 | Lair:4   | Reached skill level 10 in Invocations
 17233 | Lair:4   | HP: 2/97 [blink frog (6)]
 17283 | Lair:4   | Reached ***** piety under Lugonu
 17819 | Lair:4   | Identified the Almanac of Venom and Changing
 19674 | Lair:6   | Entered Level 6 of the Lair of Beasts
 19901 | Lair:6   | Noticed a seven-headed hydra
 20320 | Lair:5   | Killed a four-headed hydra
 20436 | Lair:6   | Reached XP level 13. HP: 104/105 MP: 20/20
 20449 | Lair:6   | Found a staircase to the Slime Pits.
 20449 | Lair:6   | Found a viscous altar of Jiyva.
 20827 | Lair:6   | Reached skill level 10 in Armour
 21888 | Lair:6   | Reached skill level 11 in Invocations
 22343 | Lair:6   | Slain by a death yak

Skill      XL: |  1  2  3  4  5  6  7  8  9 10 11 12 13 |
---------------+----------------------------------------+-----
Axes           | 2 3 4 5 6 7 |  7.9
Armour         | 2 3 4 5 6 7 8 9 10 | 10.1
Fighting       | 4 5 6 7 |  7.5
Dodging        | 1 2 3 |  3.2
Shields        | 1 2 3 4 5 6 |  6.1
Invocations    | 3 4 5 6 7 9 10 11 | 11.0
Evocations     | 1 |  1.6
Maces & Flails | 1 4 5 6 |  6.9
Throwing       | |  0.3

Action                   |  1- 3 |  4- 6 |  7- 9 | 10-12 | 13-15 || total
-------------------------+-------+-------+-------+-------+-------++-------
Melee: Hand axe          |   100 |   155 |   343 |    58 |       ||   656
       Kick              |    22 |    31 |   106 |   193 |    37 ||   389
       Mace              |       |       |    55 |   392 |    80 ||   527
       Broad axe         |       |       |       |   125 |    35 ||   160
Throw: Javelin           |       |       |       |     5 |     3 ||     8
Invok: Depart the Abyss  |     1 |       |       |       |       ||     1
       Banish            |       |       |       |     4 |       ||     4
       Bend Space        |       |       |       |     1 |       ||     1
Evoke: Wand              |       |     5 |    13 |     4 |       ||    22
  Use: Scroll            |    11 |     5 |     8 |    13 |     1 ||    38
       Potion            |       |     1 |       |     9 |       ||    10
  Eat: Chunk             |     1 |     6 |     6 |     6 |     1 ||    20
       Ration            |       |     1 |     2 |     8 |     1 ||    12
Armor: Chain mail        |    72 |   118 |   234 |   312 |    58 ||   794
Dodge: Dodged            |    24 |    11 |    46 |   133 |    21 ||   235
Block: Shield            |     2 |    80 |   241 |   425 |    75 ||   823
